 Dungeon Crawl Stone Soup version 0.23-a0-625-g1d2cd9b (webtiles) character file.

17036 TheGoonsmith the Slicer (level 12, -2/76 HPs)
             Began as a Vine Stalker Berserker on Dec 23, 2018.
             Was a High Priest of Trog.
             Killed from afar by a starcursed mass (6 damage)
             ... with an accursed screaming
             ... on level 1 of the Abyss on Dec 24, 2018.
             The game lasted 00:25:49 (9607 turns).

TheGoonsmith the Slicer (Vine Stalker Berserker)    Turns: 9607, Time: 00:25:50

Health: -2/76      AC: 20    Str: 27    XL:     12   Next: 43%
Magic:  0/25       EV: 12    Int:  7    God:    Trog [*****.]
Gold:   637        SH:  5    Dex: 17    Spells: 11/11 levels left

rFire    + . .     SeeInvis .   l - +0 short sword (elec)
rCold    . . .     Gourm    .   g - +0 buckler
rNeg     . . .     Faith    .   x - +3 chain mail
rPois    .         Spirit   +   I - +0 helmet
rElec    .         Reflect  .   M - +1 cloak {+Inv}
rCorr    .         Harm     .   y - +0 pair of gloves
MR       +++..     Clarity  +   G - +0 pair of boots
Stlth    ..........             p - amulet of the acrobat
HPRegen  2.02/turn              (no ring)
MPRegen  0.19/turn              D - ring of magical power

@: berserking, starving, regenerating, very quick
A: fangs 3, clarity, fire resistance 1, [frail 2], regeneration 2, wild magic 1,
magic shield, antimagic bite, no potion heal 3, rot immunity
a: Berserk, Trog's Hand, Brothers in Arms, Renounce Religion, Evoke Invisibility


You were on level 1 of the Abyss.
You worshipped Trog.
Trog was extremely pleased with you.
You were starving.

You visited 1 branch of the dungeon, and saw 10 of its levels.
You visited the Abyss 1 time.

You collected 677 gold pieces.
You spent 40 gold pieces at shops.

Inventory:

Hand Weapons
 a - a +3 antimagic dagger
 l - a +0 short sword of electrocution (weapon)
 w - a +0 rapier of venom
 K - a cursed -1 dagger
Missiles
 r - 106 arrows
Armour
 g - a +0 buckler (worn)
 x - a +3 chain mail (worn)
 y - a +0 pair of gloves (worn)
 G - a +0 pair of boots (worn)
 I - a +0 helmet (worn)
 M - a +1 cloak of invisibility (worn)
Jewellery
 p - an amulet of the acrobat (around neck)
 t - an uncursed ring of ice
 D - a ring of magical power (right hand)
 N - an uncursed ring of ice
Wands
 d - a wand of clouds (4)
 f - a wand of flame (24)
 H - a wand of acid (9)
 L - a wand of random effects (13)
Scrolls
 e - 3 scrolls of blinking
 j - 6 scrolls of remove curse
 n - 2 scrolls of immolation
 u - 2 scrolls of fog
 A - a scroll of identify
 B - 4 scrolls of teleportation
 F - a scroll of fear
Potions
 b - 2 potions of lignification
 h - a potion of brilliance {unknown}
 i - 2 potions of agility
 k - 2 potions of cancellation {unknown}
 m - a potion of heal wounds {unknown}
 o - a potion of ambrosia
 q - 4 potions of curing
 s - a potion of mutation
 v - 2 potions of haste {unknown}
 z - a potion of might
 C - 2 potions of resistance {unknown}
 E - 2 potions of berserk rage
Comestibles
 c - 16 rations


   Skills:
 + Level 8.1 Fighting
 - Level 12.0 Short Blades
 + Level 7.7 Armour
 - Level 6.0 Dodging
 - Level 4.0 Shields
 - Level 4.0 Evocations


You had 11 spell levels left.
You didn't know any spells.
Your spell library was empty.

Dungeon Overview and Level Annotations

Branches:
Dungeon (10/15)            Temple (0/1) D:5             Orc (0/2) D:10
   Lair: D:8-11

Altars:
Ashenzari
Dithmenos
Elyvilon
Gozag
Kikubaaqudgha
Makhleb
Okawaru
Ru
Trog
Uskayaw
Wu Jian
Yredelemnul
Zin
The Shining One

Shops:
D:7 !

Annotations:
D:10 Sonja


Innate Abilities, Weirdness & Mutations

You have razor-sharp teeth.
You heal very quickly.
When hurt, damage is shared between your health and your magic reserves.
Your bite disrupts and absorbs the magic of your enemies.
Potions cannot restore your health.
You are immune to rotting.
You possess an exceptional clarity of mind.
Your flesh is heat resistant. (rF+)
Your spells are a little harder to cast, but a little more powerful.
[You are very frail. (-20% HP)]


Message History

The wretched star's magic leaks into the air.
You drain its magic.
You feel invigorated.
The wretched star is almost destroyed.
Unknown command.
You puncture the wretched star!
You destroy the wretched star!
Trog accepts your kill.
You puncture the starcursed mass!
Lightning courses through the starcursed mass!
You destroy the starcursed mass!
Trog accepts your kill. You block the starcursed mass's attack.
The starcursed mass engulfs you but does no damage.
You hit the starcursed mass.
Lightning courses through the starcursed mass!
You bite the starcursed mass.
You destroy the starcursed mass!
Trog accepts your kill.
A deafening chorus of shrieks assaults your mind!
You die...

. # .. ###
#. .
....... #
#..
###....#...
. #...#. ..
# #. XX ...
#
#.#.#.##.#
.##.. .#
#......##.
.. .. .
#@X# .
....##.
#XX.# ... #
###..# # ##
# ...#.. #
# .##..
#.#..# ..
... ... # .
. .#...# #
#. .#.. ..


You could see 5 starcursed masses.

Vanquished Creatures
  Fannar (D:10)
  2 two-headed ogres (D:9)
  A hell hog (Abyss:1)
  A thrashing horror (Abyss:1)
  A wretched star (Abyss:1)
  Maurice (D:10)
  A centaur skeleton (D:10)
  4 ancient zymes (Abyss:1)
  Grinder (D:6)
  2 slime creatures (D:8)
  A hippogriff (D:9)
  12 yaks
  A human (D:7)
  3 hogs (D:7)
  2 hungry ghosts
  A chaos spawn (Abyss:1)
  2 large abominations (Abyss:1)
  Menkaure (D:5)
  14 wargs (D:10)
  2 small abominations (Abyss:1)
  8 orc warriors
  A porcupine (D:10)
  3 ice beasts
  A black bear (D:7)
  A phantom (D:5)
  2 sky beasts
  A necrophage (D:6)
  5 ogres
  A centaur (D:10)
  4 big kobolds
  Blork the orc (D:4)
  5 bullfrogs
  A gnoll sergeant (D:10)
  2 scorpions
  21 killer bees
  3 wights (D:10)
  A howler monkey (D:4)
  An electric eel (D:8)
  2 crimson imps
  2 starcursed masses (Abyss:1)
  8 jellies
  2 quasits
  2 hounds
  7 orc priests
  Crazy Yiuf (D:7)
  8 orc wizards
  Ijyb (D:3)
  2 gnoll shamans
  3 bullfrog skeletons
  5 iguanas
  10 worker ants
  A killer bee zombie (D:5)
  2 hound zombies (D:9)
  A hound skeleton (D:5)
  A worker ant zombie (D:7)
  2 howler monkey zombies
  19 gnolls
  7 adders
  A howler monkey skeleton (D:4)
  A shadow imp (D:6)
  A white imp (Abyss:1)
  2 ufetubi (Abyss:1)
  4 oozes (D:8)
  2 adder skeletons (D:5)
  A worm (D:2)
  A dart slug (D:1)
  4 leopard geckos
  62 orcs
  7 giant cockroaches
  14 goblins
  6 hobgoblins
  20 jackals
  17 kobolds
  6 quokkas
  A ball python (D:1)
  10 bats
  9 frilled lizards
  A jackal zombie (D:7)
  A leopard gecko zombie (D:6)
  A quokka skeleton (D:2)
  9 rats
383 creatures vanquished.

Vanquished Creatures (collateral kills)
  A wight (D:10)
1 creature vanquished.

Vanquished Creatures (others)
  An orc (D:10)
  9 fungi
  3 plants (D:10)
  5 toadstools (D:8)
18 creatures vanquished.

Grand Total: 402 creatures vanquished

Notes
Turn   | Place    | Note
-------+----------+-------------------------------------------
     0 | D:1      | TheGoonsmith the Vine Stalker Berserker began the quest for
                  | the Orb.
     0 | D:1      | Reached XP level 1. HP: 11/11 MP: 2/2
   341 | D:1      | Reached XP level 2. HP: 12/16 MP: 1/3
   521 | D:1      | Reached skill level 3 in Short Blades
   618 | D:1      | Reached XP level 3. HP: 19/19 MP: 4/4
   641 | D:1      | Reached ** piety under Trog
   894 | D:2      | Reached skill level 1 in Shields
  1277 | D:2      | Gained mutation: Your natural rate of healing is unusually
                  | fast. [Vine Stalker growth]
  1277 | D:2      | Reached XP level 4. HP: 19/24 MP: 5/5
  1737 | D:2      | Found a glowing golden altar of the Shining One.
  1741 | D:2      | Found a hide-covered altar of Uskayaw.
  1746 | D:2      | Found a burning altar of Makhleb.
  2011 | D:3      | Gained mutation: Your mind is acute. (Int +2) [potion of
                  | mutation]
  2011 | D:3      | Gained mutation: Your spells are a little harder to cast,
                  | but a little more powerful. [potion of mutation]
  2011 | D:3      | Gained mutation: You are weak. (Str -2) [potion of
                  | mutation]
  2011 | D:3      | Gained mutation: You expend magic power (3 MP) to
                  | strengthen your wands. [potion of mutation]
  2109 | D:3      | Reached XP level 5. HP: 25/28 MP: 4/6
  2407 | D:3      | Reached *** piety under Trog
  2557 | D:3      | Noticed Ijyb
  2568 | D:3      | Killed Ijyb
  2568 | D:3      | Reached XP level 6. HP: 32/32 MP: 7/7
  2661 | D:3      | Lost mutation: You expend magic power (3 MP) to strengthen
                  | your wands. [potion of mutation]
  2661 | D:3      | Lost mutation: You are weak. (Str -2) [potion of mutation]
  2661 | D:3      | Lost mutation: Your spells are a little harder to cast, but
                  | a little more powerful. [potion of mutation]
  2661 | D:3      | Lost mutation: Your mind is acute. (Int +2) [potion of
                  | mutation]
  2661 | D:3      | Gained mutation: You possess an exceptional clarity of
                  | mind. [potion of mutation]
  2661 | D:3      | Gained mutation: Your flesh is heat resistant. (rF+)
                  | [potion of mutation]
  2661 | D:3      | Gained mutation: Your spells are a little harder to cast,
                  | but a little more powerful. [potion of mutation]
  2819 | D:4      | Reached skill level 4 in Short Blades
  2902 | D:4      | Noticed a sky beast
  2944 | D:4      | Killed a sky beast
  2944 | D:4      | Reached XP level 7. HP: 24/37 MP: 2/8
  3009 | D:4      | Noticed Blork the orc
  3016 | D:4      | Killed Blork the orc
  3114 | D:4      | Found a shadowy altar of Dithmenos.
  3257 | D:5      | Entered Level 5 of the Dungeon
  3260 | D:5      | Noticed Menkaure
  3270 | D:5      | Killed Menkaure
  3403 | D:5      | Reached **** piety under Trog
  3425 | D:5      | Reached skill level 5 in Short Blades
  3434 | D:5      | Gained mutation: You have razor-sharp teeth. [Vine Stalker
                  | growth]
  3434 | D:5      | Reached XP level 8. HP: 40/42 MP: 9/9
  3544 | D:5      | Found a staircase to the Ecumenical Temple.
  3757 | D:5      | Found a basalt altar of Yredelemnul.
  3902 | D:5      | Found an ornate altar of the Wu Jian Council.
  4105 | D:6      | Reached skill level 6 in Short Blades
  4235 | D:6      | Reached XP level 9. HP: 32/46 MP: 10/10
  4238 | D:6      | Reached skill level 5 in Fighting
  4397 | D:6      | Reached skill level 7 in Short Blades
  4408 | D:6      | Reached skill level 8 in Short Blades
  4408 | D:6      | Reached skill level 5 in Armour
  4486 | D:6      | Noticed Grinder
  4502 | D:6      | Killed Grinder
  4778 | D:6      | Reached skill level 1 in Evocations
  4791 | D:6      | Reached ***** piety under Trog
  4874 | D:6      | Found a sacrificial altar of Ru.
  5054 | D:6      | Found a glowing silver altar of Zin.
  5054 | D:6      | Found an opulent altar of Gozag.
  5203 | D:6      | Reached skill level 9 in Short Blades
  5203 | D:6      | Reached XP level 10. HP: 51/51 MP: 12/12
  5549 | D:7      | Found Rokkepuk's Distillery.
  5568 | D:7      | Bought a potion of might for 40 gold pieces
  5614 | D:7      | Found a runed door.
  5925 | D:7      | Found a shattered altar of Ashenzari.
  6252 | D:7      | Noticed Crazy Yiuf
  6255 | D:7      | Killed Crazy Yiuf
  6522 | D:8      | Found a white marble altar of Elyvilon.
  6659 | D:8      | Reached skill level 10 in Short Blades
  7364 | D:8      | Found a bloodstained altar of Trog.
  7365 | D:8      | Found an iron altar of Okawaru.
  7511 | D:8      | Found an ancient bone altar of Kikubaaqudgha.
  7570 | D:9      | Noticed a two-headed ogre
  7577 | D:9      | Killed a two-headed ogre
  7577 | D:9      | Reached skill level 11 in Short Blades
  7677 | D:9      | Reached XP level 11. HP: 55/55 MP: 15/15
  7979 | D:9      | Noticed a two-headed ogre
  7988 | D:9      | Killed a two-headed ogre
  7988 | D:9      | Reached skill level 12 in Short Blades
  8020 | D:10     | Entered Level 10 of the Dungeon
  8095 | D:10     | Noticed Maurice
  8126 | D:10     | Killed Maurice
  8128 | D:10     | Upgraded the game from 0.23-a0-622-g59b4ea9 to
                  | 0.23-a0-625-g1d2cd9b
  8315 | D:10     | Received a gift from Trog
  8501 | D:10     | Reached skill level 5 in Dodging
  8764 | D:10     | Noticed an orc knight
  8886 | D:10     | Noticed Fannar
  8908 | D:10     | Killed Fannar
  8908 | D:10     | Gained mutation: You heal very quickly. [Vine Stalker
                  | growth]
  8908 | D:10     | Reached XP level 12. HP: 62/62 MP: 16/16
  8997 | D:10     | Found a staircase to the Orcish Mines.
  9118 | D:10     | Noticed Sonja
  9131 | D:10     | Cast into level 1 of the Abyss (Sonja)
  9343 | Abyss:1  | Noticed a hell hog
  9358 | Abyss:1  | Killed a hell hog
  9380 | Abyss:1  | Noticed a yellow draconian
  9409 | Abyss:1  | Found a corrupted altar of Lugonu.
  9455 | Abyss:1  | Noticed a thrashing horror
  9471 | Abyss:1  | Killed a thrashing horror
  9480 | Abyss:1  | Found a shimmering altar of Xom.
  9575 | Abyss:1  | Noticed a wretched star
  9580 | Abyss:1  | Noticed a starcursed mass
  9594 | Abyss:1  | Paralysed by accursed screaming for 1 turns
  9602 | Abyss:1  | HP: 2/76 [starcursed mass (3)]
  9605 | Abyss:1  | Killed a wretched star
  9607 | Abyss:1  | Killed from afar by a starcursed mass

Vault maps used:
D:1:      lightli_iron_boxes, minmay_crystal_water, minmay_heptomino_o4
D:2:      minitemple, chequers_serial_rivers_micro_c, kennysheep_generic_room_15
D:3:      kennysheep_goblin_castle, first_ration
D:4:      kennysheep_little_box, uniq_blork_the_orc, uniq_ijyb
D:5:      minmay_diamond_boxcup, lemuel_round_altar, yredelemnul_altar_generic,
          lemuel_temple_firewalk_a, uniq_menkaure
D:6:      grunt_temple_overflow_gold_and_silver,
          nicolae_ru_the_path_less_chosen, minmay_unpleasant_kobolds,
          uniq_grinder
D:7:      minmay_evil_eye, cheibrodos_ashenzari_chains, serial_shops, shop,
          grunt_livestock, hangedman_decor_push,
          minmay_a_box_with_orc_wizards_in_it, uniq_crazy_yiuf_cottage
D:8:      cheibrodos_fertilizer, grunt_temple_overflow_bloody_war,
          lemuel_coloured_pillars_altar, elyvilon_altar_3
D:9:      lemuel_upstairs_altar
D:10:     lemuel_castle_with_subvaults, grunt_lair_entry_orc_guard_hut,
          hiddenorc2_lemuel, uniq_sonja, uniq_fannar, uniq_maurice
Abyss:1:  hangedman_abyss_or_decor_lesser_grid, evilmike_abyss_exit_plants

Skill      XL: |  1  2  3  4  5  6  7  8  9 10 11 12 |
---------------+-------------------------------------+-----
Short Blades   | 3 4 5 6 9 11 12 | 12.0
Fighting       | 3 4 5 6 8 |  8.1
Shields        | 1 2 3 4 |  4.0
Dodging        | 2 3 4 5 6 |  6.0
Armour         | 2 3 4 5 6 7 |  7.7
Evocations     | 1 4 |  4.0

Action                   |  1- 3 |  4- 6 |  7- 9 | 10-12 || total
-------------------------+-------+-------+-------+-------++-------
Melee: Short sword       |    31 |       |   120 |   796 ||   947
       Bite              |    23 |    44 |   113 |   311 ||   491
       Dagger            |    85 |   167 |   178 |       ||   430
Invok: Berserk           |     4 |     5 |     9 |     8 ||    26
       Trog's Hand       |       |     2 |     1 |     5 ||     8
       Brothers in Arms  |       |       |       |     1 ||     1
  Use: Scroll            |       |     9 |     1 |     7 ||    17
       Potion            |       |     3 |       |       ||     3
  Eat: Chunk             |     4 |     8 |    16 |    17 ||    45
       Ration            |       |     1 |       |     2 ||     3
Armor: Ring mail         |    37 |    69 |    12 |       ||   118
       Chain mail        |       |       |    47 |   235 ||   282
Dodge: Dodged            |    50 |    97 |   116 |   335 ||   598
Block: Buckler           |    15 |    31 |    61 |   126 ||   233

Table legend:
 A = Non-vault XP
 B = Vault XP
 C = Vault XP percentage of total XP
 D = Non-vault monster count
 E = Vault monster count
 F = Vault count percentage of total count
                 A         B        C        D         E       F
            +---------+---------+-------+---------+---------+-------
      Total |   16960 |    7378 |  30.3 |     274 |     110 |  28.6
            +---------+---------+-------+---------+---------+-------
        D:1 |      36 |       3 |   7.7 |      23 |       3 |  11.5
        D:2 |      51 |       0 |   0.0 |      22 |       0 |   0.0
        D:3 |     191 |      60 |  23.9 |      27 |      12 |  30.8
        D:4 |     409 |      94 |  18.7 |      15 |       1 |   6.2
        D:5 |     386 |     452 |  53.9 |      26 |       8 |  23.5
        D:6 |    2651 |     378 |  12.5 |      41 |       7 |  14.6
        D:7 |     445 |    1179 |  72.6 |       7 |      10 |  58.8
        D:8 |     749 |     643 |  46.2 |       8 |      16 |  66.7
        D:9 |    2971 |       0 |   0.0 |      30 |       0 |   0.0
       D:10 |    4226 |    4569 |  51.9 |      58 |      53 |  47.7
    Abyss:1 |    4845 |       0 |   0.0 |      17 |       0 |   0.0
            +---------+---------+-------+---------+---------+-------
